 Dungeon Crawl Stone Soup version 0.22-a0-159-g7ce444f (webtiles) character file.

3602 Gorice the Thaumaturge (level 10, 0/74 HPs)
             Began as a Gnoll Wanderer on Feb 4, 2018.
             Was a Priest of Cheibriados.
             Slain by a two-headed ogre
             ... wielding a +0 giant club
              (2 damage)
             ... on level 8 of the Dungeon on Feb 9, 2018.
             The game lasted 00:44:33 (8471 turns).

Gorice the Thaumaturge (Gnoll Wanderer)             Turns: 8471, Time: 00:44:33

Health: 0/74       AC: 14    Str: 25    XL:     10   Next: 10%
Magic:  22/22      EV: 12    Int: 22    God:    Cheibriados [***...]
Gold:   296        SH:  0    Dex: 21    Spells: 23/26 levels left

rFire    . . .     SeeInvis .   a - +1 whip (drain)
rCold    . . .     Gourm    .   (no shield)
rNeg     . . .     Faith    +   C - +3 chain mail
rPois    .         Spirit   .   (no helmet)
rElec    .         Reflect  .   s - +1 cloak
rCorr    .         Harm     .   (no gloves)
MR       .....                  (no boots)
Stlth    +.........             H - amulet of faith {!P}
HPRegen  0.22/turn              m - +4 ring of slaying
MPRegen  0.18/turn              (no ring)

@: very slow
A: distributed training, fangs 1, strong nose
a: Bend Time, Temporal Distortion, Renounce Religion


You were on level 8 of the Dungeon.
You worshipped Cheibriados.
Cheibriados was most pleased with you.
You were not hungry.

You visited 2 branches of the dungeon, and saw 9 of its levels.

You collected 296 gold pieces.

Inventory:

Hand Weapons
 a - a +1 whip of draining (weapon)
   (You found it on level 3 of the Dungeon)
 b - a +0 hunting sling
 e - a +0 dagger
 r - a +0 halberd
 y - a +1 spear
 B - a +0 whip of freezing
   (You took it off Pikel on level 5 of the Dungeon)
 I - a cursed +0 great sword
Missiles
 q - 65 sling bullets
 t - 111 bolts
 E - 3 tomahawks (quivered)
 Y - 235 stones
Armour
 h - a +0 ring mail of cold resistance
   (You took it off a goblin on level 3 of the Dungeon)
 s - a +1 cloak (worn)
 C - a +3 chain mail (worn)
 F - a +0 plate armour
Magical Staves
 J - an uncursed staff of earth {unknown}
Jewellery
 c - an uncursed ring of ice
 m - a +4 ring of slaying (left hand)
 H - an amulet of faith (around neck) {!P}
Wands
 x - a wand of polymorph (18)
Scrolls
 d - 3 scrolls of enchant armour
 i - a scroll of identify
 j - 2 scrolls of teleportation {!r}
 z - 4 scrolls of remove curse
 A - a scroll of enchant weapon
 D - a scroll of amnesia
 K - a scroll of fog
Potions
 g - a potion of brilliance {!q}
 k - a potion of heal wounds {!q}
 l - 2 potions of mutation {!q}
 n - a potion of resistance {!q}
 u - 3 potions of might {!q}
 v - 2 potions of cancellation {!q}
 w - 3 potions of flight
 G - a potion of curing
Books
 p - a book of Minor Magic
Comestibles
 f - 16 rations
 o - 4 chunks of flesh


   Skills:
 + Level 5.5 Fighting
 + Level 4.8 Short Blades
 + Level 4.8 Long Blades
 + Level 4.8 Axes
 + Level 4.8 Maces & Flails
 + Level 4.8 Polearms
 + Level 4.8 Staves
 + Level 4.8 Slings
 + Level 4.8 Bows
 + Level 4.8 Crossbows
 + Level 5.5 Throwing
 + Level 4.8 Armour
 + Level 5.5 Dodging
 + Level 6.5 Stealth
 + Level 4.8 Shields
 + Level 4.8 Unarmed Combat
 + Level 8.7 Spellcasting
 + Level 4.0 Conjurations
 + Level 4.0 Hexes
 + Level 4.0 Charms
 + Level 5.6 Summonings
 + Level 4.0 Necromancy
 + Level 4.0 Translocations
 + Level 4.0 Transmutations
 + Level 4.0 Fire Magic
 + Level 4.0 Ice Magic
 + Level 4.0 Air Magic
 + Level 4.0 Earth Magic
 + Level 4.0 Poison Magic
 + Level 5.3 Invocations
 + Level 4.8 Evocations


You had 23 spell levels left.
You knew the following spells:

 Your Spells              Type           Power        Failure   Level  Hunger
a - Magic Dart            Conj           ####         9%          1    None
i - Call Imp              Summ           ####....     6%          2    None


Dungeon Overview and Level Annotations

Branches:
Dungeon (8/15)             Temple (1/1) D:4
   Lair: D:8-11

Altars:
Cheibriados
Dithmenos
Elyvilon
Gozag
Hepliaklqana
Kikubaaqudgha
Nemelex Xobeh
Okawaru
Ru
Sif Muna
Trog
Xom
Yredelemnul
Zin
The Shining One

Shops:
D:4 %

Annotations:
D:8 Maurice


Innate Abilities, Weirdness & Mutations

Your experience applies equally to all skills.
You have very sharp teeth.
Your uncanny sense of smell can sniff out nearby items.


Message History

The hell rat bites you but does no damage.
You whack the hell rat!
You kill the hell rat!
Cheibriados thoroughly appreciates the change of pace.
Items here: ( )) ? † an uncursed dagger; an uncursed shortbow; 9 arrows; a scroll of amnesia a centaur corpse
b - a +0 hunting sling (weapon)
The two-headed ogre shouts in stereo!
Firing (i - inventory. (/) - cycle)
q - 66 sling bullets (quivered)
Press: ? - help, Shift-Dir - straight line, f - two-headed ogre
Aim: a two-headed ogre, wielding two giant clubs You shoot a sling bullet.
The sling bullet hits the two-headed ogre.
The two-headed ogre is lightly wounded.
You see here 2 arrows.
You see here an arrow.
The two-headed ogre hits you with a giant club!!
The two-headed ogre misses you.
Damage: 20 (max 20) Unknown command.
You sense an unholy aura.
a - a +1 whip of draining (weapon)
Your chain mail prevents you from hitting the two-headed ogre.
The two-headed ogre is lightly wounded.
The two-headed ogre barely misses you. x2
You hit the two-headed ogre. You bite the two-headed ogre.
The two-headed ogre is lightly wounded.
The two-headed ogre hits you with a giant club!
The two-headed ogre hits you with a giant club.
Damage: 9 (max 20)
You hit the two-headed ogre.
The two-headed ogre is moderately wounded.
You hit the two-headed ogre but do no damage.
You bite the two-headed ogre.
The two-headed ogre is moderately wounded.
The two-headed ogre hits you with a giant club!
* * * LOW HITPOINT WARNING * * *
The two-headed ogre hits you with a giant club.
* * * LOW HITPOINT WARNING * * *
Damage: 15 (max 20)
You barely miss the two-headed ogre.
You bite the two-headed ogre, but do no damage.
The two-headed ogre is moderately wounded.
You hit the two-headed ogre.
The two-headed ogre is moderately wounded.
The two-headed ogre hits you with a giant club!!
* * * LOW HITPOINT WARNING * * *
The two-headed ogre hits you with a giant club.
You die...

#...#<## #..
#...#..# ##.#
#...##.#
####...##.####.###
#.................
#.###.###.#####..#
#.###.# ..# #..
#.##..# #.# #.
#@##.## ..###
#O##.######...####
#.................
#..#....#####.####
##...#............
##..#..######..##
#...##..### ##..#
#.#.###...# ##.#
#.#(# ###.### #..


You could see a two-headed ogre.

Vanquished Creatures
  Pikel (D:5)
  A hippogriff (D:8)
  A human (D:7)
  4 hogs (D:7)
  A naga (D:5)
  Duvessa (D:5)
  An orc warrior (D:6)
  3 ice beasts
  A sky beast (D:7)
  2 slaves (D:5)
  4 ogres
  3 centaurs
  3 bullfrogs
  Dowan (D:5)
  A howler monkey (D:5)
  2 bullfrog zombies (D:8)
  2 orc priests (D:6)
  A hound (D:6)
  2 jellies
  2 iguanas
  A bullfrog skeleton (D:8)
  Ijyb (D:3)
  A hell rat (D:8)
  2 orc wizards
  4 worker ants
  A hound zombie (D:8)
  A howler monkey zombie (D:8)
  2 gnolls
  10 adders
  4 river rats (D:7)
  An ooze (D:2)
  6 worms
  5 leopard geckos
  21 orcs
  7 bats
  7 giant cockroaches
  16 goblins
  4 hobgoblins (D:1)
  7 jackals
  4 quokkas
  3 frilled lizards (D:2)
  5 kobolds
  A leopard gecko skeleton (D:4)
  2 quokka zombies
  7 rats
  A plant (D:7)
161 creatures vanquished.

Vanquished Creatures (others)
  2 rats (D:3)
2 creatures vanquished.

Grand Total: 163 creatures vanquished

Notes
Turn   | Place    | Note
-------+----------+-------------------------------------------
     0 | D:1      | Gorice the Gnoll Wanderer began the quest for the Orb.
     0 | D:1      | Gorice set off with: a book of Minor Magic, a +0 spear, a potion of curing, a +0 robe, a +0 dagger, a ration
     0 | D:1      | Reached XP level 1. HP: 17/17 MP: 8/8
     2 | D:1      | Learned a level 1 spell: Magic Dart
     8 | D:1      | Noticed a black mamba
     8 | D:1      | Noticed a polar bear
     9 | D:1      | Noticed a worker ant
   181 | D:1      | Reached XP level 2. HP: 19/23 MP: 10/10
   508 | D:1      | Reached XP level 3. HP: 27/28 MP: 11/11
   958 | D:2      | HP: 8/28 [adder (2)]
   961 | D:2      | HP: 3/28 [poisoned by an adder]
   962 | D:2      | Reached skill level 1 in Invocations
  1039 | D:2      | HP: 8/28 [kobold/stone (6)]
  1293 | D:2      | HP: 8/28 [adder (3)]
  1298 | D:2      | Reached skill level 1 in Short Blades
  1298 | D:2      | Reached skill level 1 in Long Blades
  1298 | D:2      | Reached skill level 1 in Axes
  1298 | D:2      | Reached skill level 1 in Maces & Flails
  1298 | D:2      | Reached skill level 1 in Polearms
  1298 | D:2      | Reached skill level 1 in Staves
  1298 | D:2      | Reached skill level 1 in Slings
  1298 | D:2      | Reached skill level 1 in Bows
  1298 | D:2      | Reached skill level 1 in Crossbows
  1298 | D:2      | Reached skill level 1 in Armour
  1298 | D:2      | Reached skill level 1 in Shields
  1298 | D:2      | Reached skill level 1 in Unarmed Combat
  1298 | D:2      | Reached skill level 1 in Evocations
  1381 | D:2      | Reached XP level 4. HP: 17/34 MP: 13/13
  1483 | D:2      | HP: 8/34 [worm (10)]
  2028 | D:2      | Reached skill level 1 in Conjurations
  2028 | D:2      | Reached skill level 1 in Hexes
  2028 | D:2      | Reached skill level 1 in Charms
  2028 | D:2      | Reached skill level 1 in Necromancy
  2028 | D:2      | Reached skill level 1 in Translocations
  2028 | D:2      | Reached skill level 1 in Transmutations
  2028 | D:2      | Reached skill level 1 in Fire Magic
  2028 | D:2      | Reached skill level 1 in Ice Magic
  2028 | D:2      | Reached skill level 1 in Air Magic
  2028 | D:2      | Reached skill level 1 in Earth Magic
  2028 | D:2      | Reached skill level 1 in Poison Magic
  2386 | D:2      | Reached XP level 5. HP: 40/40 MP: 14/14
  2485 | D:2      | Learned a level 2 spell: Call Imp
  2729 | D:3      | Noticed Ijyb
  2759 | D:3      | Killed Ijyb
  2831 | D:3      | Reached skill level 3 in Fighting
  2831 | D:3      | Reached skill level 3 in Throwing
  2831 | D:3      | Reached skill level 3 in Dodging
  2912 | D:3      | Upgraded the game from 0.22-a0-136-g83a10e5 to 0.22-a0-142-g91cc6d7
  2998 | D:3      | Reached skill level 4 in Summonings
  3508 | D:3      | Noticed an ice beast
  3558 | D:3      | Killed an ice beast
  3558 | D:3      | Reached skill level 2 in Invocations
  3558 | D:3      | Reached XP level 6. HP: 34/47 MP: 16/16
  3868 | D:4      | Found Ganeest's Food Shop.
  3950 | D:4      | Reached skill level 2 in Short Blades
  3950 | D:4      | Reached skill level 2 in Long Blades
  3950 | D:4      | Reached skill level 2 in Axes
  3950 | D:4      | Reached skill level 2 in Maces & Flails
  3950 | D:4      | Reached skill level 2 in Polearms
  3950 | D:4      | Reached skill level 2 in Staves
  3950 | D:4      | Reached skill level 2 in Slings
  3950 | D:4      | Reached skill level 2 in Bows
  3950 | D:4      | Reached skill level 2 in Crossbows
  3950 | D:4      | Reached skill level 2 in Armour
  3950 | D:4      | Reached skill level 2 in Shields
  3950 | D:4      | Reached skill level 2 in Unarmed Combat
  3950 | D:4      | Reached skill level 2 in Evocations
  4161 | D:4      | Found a staircase to the Ecumenical Temple.
  4178 | Temple   | Entered the Ecumenical Temple
  4412 | Temple   | Became a worshipper of Cheibriados the Contemplative
  4684 | D:5      | Entered Level 5 of the Dungeon
  4697 | D:5      | Reached XP level 7. HP: 52/52 MP: 18/18
  4699 | D:5      | Noticed Dowan
  4704 | D:5      | Noticed Duvessa
  4720 | D:5      | Killed Duvessa
  4723 | D:5      | HP: 6/52 [Dowan/shard of ice (15)]
  4728 | D:5      | Killed Dowan
  4728 | D:5      | Reached skill level 2 in Conjurations
  4728 | D:5      | Reached skill level 2 in Hexes
  4728 | D:5      | Reached skill level 2 in Charms
  4728 | D:5      | Reached skill level 2 in Necromancy
  4728 | D:5      | Reached skill level 2 in Translocations
  4728 | D:5      | Reached skill level 2 in Transmutations
  4728 | D:5      | Reached skill level 2 in Fire Magic
  4728 | D:5      | Reached skill level 2 in Ice Magic
  4728 | D:5      | Reached skill level 2 in Air Magic
  4728 | D:5      | Reached skill level 2 in Earth Magic
  4728 | D:5      | Reached skill level 2 in Poison Magic
  4915 | D:5      | Reached skill level 5 in Stealth
  4934 | D:5      | Reached skill level 3 in Invocations
  5185 | D:5      | Noticed Pikel
  5274 | D:5      | Reached XP level 8. HP: 53/60 MP: 19/19
  5356 | D:5      | Noticed Prince Ribbit
  5364 | D:5      | Noticed Prince Ribbit
  5364 | D:5      | Prince Ribbit changed into Prince Ribbit the naga
  5381 | D:5      | Killed Prince Ribbit the naga
  5381 | D:5      | Reached skill level 4 in Fighting
  5381 | D:5      | Reached skill level 3 in Short Blades
  5381 | D:5      | Reached skill level 3 in Long Blades
  5381 | D:5      | Reached skill level 3 in Axes
  5381 | D:5      | Reached skill level 3 in Maces & Flails
  5381 | D:5      | Reached skill level 3 in Polearms
  5381 | D:5      | Reached skill level 3 in Staves
  5381 | D:5      | Reached skill level 3 in Slings
  5381 | D:5      | Reached skill level 3 in Bows
  5381 | D:5      | Reached skill level 3 in Crossbows
  5381 | D:5      | Reached skill level 4 in Throwing
  5381 | D:5      | Reached skill level 3 in Armour
  5381 | D:5      | Reached skill level 4 in Dodging
  5381 | D:5      | Reached skill level 3 in Shields
  5381 | D:5      | Reached skill level 3 in Unarmed Combat
  5381 | D:5      | Reached skill level 3 in Evocations
  5767 | D:5      | Killed Pikel
  5767 | D:5      | Reached skill level 8 in Spellcasting
  5947 | D:5      | Upgraded the game from 0.22-a0-142-g91cc6d7 to 0.22-a0-159-g7ce444f
  6048 | D:6      | Reached * piety under Cheibriados
  6130 | D:6      | Reached skill level 3 in Conjurations
  6130 | D:6      | Reached skill level 3 in Hexes
  6130 | D:6      | Reached skill level 3 in Charms
  6130 | D:6      | Reached skill level 3 in Necromancy
  6130 | D:6      | Reached skill level 3 in Translocations
  6130 | D:6      | Reached skill level 3 in Transmutations
  6130 | D:6      | Reached skill level 3 in Fire Magic
  6130 | D:6      | Reached skill level 3 in Ice Magic
  6130 | D:6      | Reached skill level 3 in Air Magic
  6130 | D:6      | Reached skill level 3 in Earth Magic
  6130 | D:6      | Reached skill level 3 in Poison Magic
  6130 | D:6      | Reached skill level 4 in Invocations
  6171 | D:6      | Reached XP level 9. HP: 58/66 MP: 21/21
  6311 | D:6      | Reached skill level 5 in Summonings
  6540 | D:6      | Reached skill level 4 in Short Blades
  6540 | D:6      | Reached skill level 4 in Long Blades
  6540 | D:6      | Reached skill level 4 in Axes
  6540 | D:6      | Reached skill level 4 in Maces & Flails
  6540 | D:6      | Reached skill level 4 in Polearms
  6540 | D:6      | Reached skill level 4 in Staves
  6540 | D:6      | Reached skill level 4 in Slings
  6540 | D:6      | Reached skill level 4 in Bows
  6540 | D:6      | Reached skill level 4 in Crossbows
  6540 | D:6      | Reached skill level 4 in Armour
  6540 | D:6      | Reached skill level 4 in Shields
  6540 | D:6      | Reached skill level 4 in Unarmed Combat
  6540 | D:6      | Reached skill level 4 in Evocations
  6589 | D:6      | Reached ** piety under Cheibriados
  7135 | D:7      | Reached skill level 5 in Fighting
  7135 | D:7      | Reached skill level 5 in Throwing
  7135 | D:7      | Reached skill level 5 in Dodging
  7135 | D:7      | Reached skill level 6 in Stealth
  7482 | D:7      | Found an opulent altar of Gozag.
  7776 | D:7      | Reached skill level 5 in Invocations
  7963 | D:8      | Reached *** piety under Cheibriados
  8103 | D:8      | Reached XP level 10. HP: 74/74 MP: 22/22
  8137 | D:8      | Noticed a death yak
  8141 | D:8      | Noticed a death yak
  8152 | D:8      | Noticed a death yak
  8155 | D:8      | Noticed Maurice
  8159 | D:8      | Noticed a two-headed ogre
  8397 | D:8      | Reached skill level 4 in Conjurations
  8397 | D:8      | Reached skill level 4 in Hexes
  8397 | D:8      | Reached skill level 4 in Charms
  8397 | D:8      | Reached skill level 4 in Necromancy
  8397 | D:8      | Reached skill level 4 in Translocations
  8397 | D:8      | Reached skill level 4 in Transmutations
  8397 | D:8      | Reached skill level 4 in Fire Magic
  8397 | D:8      | Reached skill level 4 in Ice Magic
  8397 | D:8      | Reached skill level 4 in Air Magic
  8397 | D:8      | Reached skill level 4 in Earth Magic
  8397 | D:8      | Reached skill level 4 in Poison Magic
  8471 | D:8      | HP: 2/74 [two-headed ogre/giant club (21)]
  8471 | D:8      | Slain by a two-headed ogre

Vault maps used:
D:1:      onia_arrival_zoo_common
D:2:      minmay_hexomino_c4
D:3:      kennysheep_goblin_castle, first_ration, lemuel_old_faithful
D:4:      minmay_temple_entry_overgrown, serial_shops, nicolae_shop_behind_doors
D:5:      uniq_ijyb, uniq_duvessa, uniq_pikel, uniq_prince_ribbit1
D:7:      wad_woods_tower, grunt_livestock, grunt_gozag_breadcrumbs
D:8:      dpeg_lair_monsters, uniq_psyche, uniq_maurice
Temple:   regret_index_temple_generic_petals

Skill      XL: |  1  2  3  4  5  6  7  8  9 10 |
---------------+-------------------------------+-----
Invocations    | 1 2 3 4 5 |  5.3
Short Blades   | 1 2 3 4 |  4.8
Long Blades    | 1 2 3 4 |  4.8
Axes           | 1 2 3 4 |  4.8
Maces & Flails | 1 2 3 4 |  4.8
Polearms       | 1 2 3 4 |  4.8
Staves         | 1 2 3 4 |  4.8
Slings         | 1 2 3 4 |  4.8
Bows           | 1 2 3 4 |  4.8
Crossbows      | 1 2 3 4 |  4.8
Armour         | 1 2 3 4 |  4.8
Shields        | 1 2 3 4 |  4.8
Unarmed Combat | 1 2 3 4 |  4.8
Evocations     | 1 2 3 4 |  4.8
Conjurations   | 1 2 3 4 |  4.0
Hexes          | 1 2 3 4 |  4.0
Charms         | 1 2 3 4 |  4.0
Necromancy     | 1 2 3 4 |  4.0
Translocations | 1 2 3 4 |  4.0
Transmutations | 1 2 3 4 |  4.0
Fire Magic     | 1 2 3 4 |  4.0
Ice Magic      | 1 2 3 4 |  4.0
Air Magic      | 1 2 3 4 |  4.0
Earth Magic    | 1 2 3 4 |  4.0
Poison Magic   | 1 2 3 4 |  4.0
Fighting       | 3 4 5 |  5.5
Throwing       | 3 4 5 |  5.5
Dodging        | 3 4 5 |  5.5
Summonings     | 4 5 |  5.6
Stealth        | 5 6 |  6.5
Spellcasting   | 8 |  8.7

Action                   |  1- 3 |  4- 6 |  7- 9 | 10-12 || total
-------------------------+-------+-------+-------+-------++-------
Melee: Spear             |   148 |   263 |       |       ||   411
       Bite              |    12 |    37 |    45 |    14 ||   108
       Punch             |       |     1 |     1 |     1 ||     3
       Unarmed           |       |     2 |       |       ||     2
       Whip              |       |    24 |   278 |    39 ||   341
 Fire: Hunting sling     |       |    31 |    46 |     8 ||    85
Throw: Stone             |    41 |    73 |     6 |       ||   120
       Tomahawk          |       |       |     5 |       ||     5
Invok: Bend Time         |       |       |       |     1 ||     1
       Temporal Distorti |       |       |       |     1 ||     1
Evoke: Wand              |       |       |     3 |       ||     3
  Use: Scroll            |     6 |     5 |     7 |     2 ||    20
       Potion            |     2 |       |     2 |       ||     4
 Stab: Sleeping          |     4 |     1 |       |       ||     5
       Distracted        |     1 |       |       |       ||     1
  Eat: Chunk             |       |    12 |     9 |     1 ||    22
Armor: Ring mail         |    42 |    24 |       |       ||    66
       Robe              |     1 |       |       |       ||     1
       Chain mail        |       |   101 |   113 |    32 ||   246
       Scale mail        |       |    10 |       |       ||    10
Dodge: Dodged            |    86 |   148 |    83 |    24 ||   341

Table legend:
 A = Spawn XP
 B = Non-spawn XP
 C = Spawn XP percentage of total XP
 D = Spawn monster count
 E = Non-spawn monster count
 F = Spawn count percentage of total count
 G = Total turns spent on level
                    A         B        C        D         E        F      G
               +---------+---------+-------+---------+---------+-------+---------
         Total |       0 |    5147 |   0.0 |       0 |     158 |   0.0 |  8471
               +---------+---------+-------+---------+---------+-------+---------
           D:1 |       0 |      34 |   0.0 |       0 |      19 |   0.0 |   811
           D:2 |       0 |     137 |   0.0 |       0 |      27 |   0.0 |  1676
           D:3 |       0 |     233 |   0.0 |       0 |      26 |   0.0 |  1370
           D:4 |       0 |     209 |   0.0 |       0 |       8 |   0.0 |   551
           D:5 |       0 |    1376 |   0.0 |       0 |      18 |   0.0 |  1265
           D:6 |       0 |     942 |   0.0 |       0 |      27 |   0.0 |   905
           D:7 |       0 |    1436 |   0.0 |       0 |      18 |   0.0 |  1246
           D:8 |       0 |     780 |   0.0 |       0 |      15 |   0.0 |   371
               +---------+---------+-------+---------+---------+-------+---------

Table legend:
 A = Turns spent in this place as a percentage of turns spent in the entire game.
 B = Non-inter-level travel turns spent in this place as a percentage of non-inter-level travel turns spent in the entire game.
 C = Inter-level travel turns spent in this place as a percentage of turns spent in this place.
 D = Turns resting spent in this place as a percentage of non-inter-level travel turns spent in this place.
 E = Turns spent auto-exploring this place as a percentage of non-inter-level travel turns spent in this place.
 F = Non-inter-level travel turns spent in this place divided by the number of levels of this place that you've seen.
                   A       B       C       D       E      F
               +-------+-------+-------+-------+-------+----------------------
         Total | 100.0 | 100.0 |   2.6 |  24.0 |  35.8 | 916.9
       Dungeon |  96.7 |  97.1 |   2.2 |  24.7 |  34.6 | 1002.0
        Temple |   3.3 |   2.9 |  14.5 |   0.0 |  77.5 | 236.0
               +-------+-------+-------+-------+-------+----------------------

Vault maps used:
D:1:      onia_arrival_zoo_common
D:2:      minmay_hexomino_c4
D:3:      kennysheep_goblin_castle, first_ration, lemuel_old_faithful
D:4:      minmay_temple_entry_overgrown, serial_shops, nicolae_shop_behind_doors
D:5:      uniq_ijyb, uniq_duvessa, uniq_pikel, uniq_prince_ribbit1
D:7:      wad_woods_tower, grunt_livestock, grunt_gozag_breadcrumbs
D:8:      dpeg_lair_monsters, uniq_psyche, uniq_maurice
Temple:   regret_index_temple_generic_petals
